 Dungeon Crawl Stone Soup version 0.22.1-1-ga44c0e56f4 (webtiles) character file.

4184 Peloso the Blocker (level 10, -4/84 HPs)
             Began as a Minotaur Fighter on Oct 27, 2018.
             Was a Priest of Okawaru.
             Slain by a manticore (17 damage)
             ... on level 9 of the Dungeon.
             The game lasted 00:19:18 (7285 turns).

Peloso the Blocker (Minotaur Fighter)               Turns: 7285, Time: 00:19:18

Health: -4/84      AC: 13    Str: 23    XL:     10   Next: 8%
Magic:  9/9        EV:  9    Int:  5    God:    Okawaru [***...]
Gold:   477        SH: 13    Dex: 11    Spells: 9/9 levels left

rFire    . . .     SeeInvis .   a - +0 long sword
rCold    + . .     Gourm    .   c - +1 shield
rNeg     . . .     Faith    .   b - +0 chain mail
rPois    .         Spirit   .   (helmet restricted)
rElec    .         Reflect  .   k - +1 cloak
rCorr    .         Harm     .   (no gloves)
MR       +....                  (no boots)
Stlth    ..........             n - amulet of magic regeneration
HPRegen  0.24/turn              v - ring of protection from magic
MPRegen  0.36/turn              E - ring of protection from cold

@: no status effects
A: retaliatory headbutt, horns 2
a: Heroism, Renounce Religion


You were on level 9 of the Dungeon.
You worshipped Okawaru.
Okawaru was most pleased with you.
You were not hungry.

You visited 1 branch of the dungeon, and saw 9 of its levels.
You also visited: Sewer and Ossuary.

You collected 477 gold pieces.

Inventory:

Hand Weapons
 a - a +0 long sword (weapon)
Armour
 b - a +0 chain mail (worn)
 c - a +1 shield (worn)
 k - a +1 cloak (worn)
Jewellery
 h - an uncursed ring of protection from fire
 i - a +4 ring of evasion
 n - an amulet of magic regeneration (around neck)
 v - a ring of protection from magic (left hand)
 D - an uncursed ring of magical power
 E - a ring of protection from cold (right hand)
Wands
 C - a wand of polymorph (6)
 G - a wand of iceblast (9)
 K - a wand of flame (9)
Scrolls
 e - 2 scrolls of blinking {unknown}
 j - 7 scrolls of remove curse
 m - 2 scrolls of enchant weapon {unknown}
 p - 4 scrolls of identify
 q - 3 scrolls of enchant armour
 r - a scroll of immolation {unknown}
 s - 4 scrolls of teleportation
 y - a scroll of holy word {unknown}
 H - a scroll of vulnerability {unknown}
Potions
 d - 2 potions of might
 g - 2 potions of agility {unknown}
 l - 2 potions of curing
 o - 3 potions of invisibility
 t - 2 potions of ambrosia
 u - 7 potions of flight
 w - 3 potions of heal wounds {unknown}
 x - a potion of berserk rage {unknown}
 z - a potion of degeneration {unknown}
 B - a potion of mutation {unknown}
 F - a potion of haste {unknown}
 I - a potion of brilliance {unknown}
Comestibles
 f - 14 rations


   Skills:
 + Level 6.7 Fighting
 + Level 10.1 Long Blades
 + Level 9.0 Armour
 + Level 3.3 Dodging
 + Level 1.0 Stealth
 + Level 10.2 Shields
 + Level 0.1 Invocations


You had 9 spell levels left.
You didn't know any spells.
Your spell library contained the following spells:

 Spells                   Type           Power        Failure   Level  Hunger
 Sting                    Conj/Pois      #...         99%         1    ##.....
 Summon Small Mammal      Summ           #...         99%         1    ##.....
 Call Imp                 Summ           #.......     100%        2    ###....
 Poisonous Vapours        Pois/Air       #.....       100%        2    ###....
 Call Canine Familiar     Summ           #.......     100%        3    ####...
 Mephitic Cloud           Conj/Pois/Air  #.......     100%        3    ####...
 Summon Guardian Golem    Hex/Summ       #.......     100%        3    ####...
 Olgreb's Toxic Radiance  Pois           #.......     100%        4    #####..
 Summon Ice Beast         Ice/Summ       #.......     100%        4    #####..
 Summon Lightning Spire   Summ/Air       #.......     100%        4    #####..
 Venom Bolt               Conj/Pois      #.........   100%        5    ######.


Dungeon Overview and Level Annotations

Branches:
Dungeon (9/15)             Temple (0/1) D:5            Lair (0/6) D:9
    Orc: D:9-12

Altars:
Cheibriados
Elyvilon
Fedhas
Gozag
Hepliaklqana
Okawaru
Ru
Sif Muna
Uskayaw
Vehumet
Wu Jian
Xom

Shops:
D:6 %   D:8 *

Annotations:
D:7 2 transporters, spacerossing's ghost, novice MfGl


Innate Abilities, Weirdness & Mutations

You reflexively headbutt those who attack you in melee.
You have a pair of horns on your head.


Message History

The manticore is lightly wounded.
The manticore barely misses you. The manticore claws you.
* * * LOW HITPOINT WARNING * * *
You block the manticore's attack.
You hit the manticore. You headbutt the manticore.
The manticore is moderately wounded.
The manticore barely misses you. The manticore closely misses you.
The manticore claws you.
* * * LOW HITPOINT WARNING * * *
You slash the manticore!
The manticore is moderately wounded.
You block the manticore's attack. The manticore closely misses you.
The manticore claws you.
* * * LOW HITPOINT WARNING * * *
Unknown command.
Unknown command.
You slash the manticore! You headbutt the manticore!
The manticore is almost dead.
The manticore bites you!
You die...

PPPPP.....#.....#
PPPPP....##.....# ....
PPPP.....#..>...# ....
P...PP...#......+....#
P.>.PP...#.######....#
P...PPP#.#.#.........#
PPPPPP.#.#.#.........#
#PPPPP##.###.(.H......
#######......@.......
#..................
..:..................
............?........
..................###
##+###+####.......#
#.......# #.......#
#.......#


You could see a manticore.

Vanquished Creatures
  A komodo dragon (D:9)
  The ghost of Kohma the Shield-Bearer, a novice GrFi of Cheibriados (D:5)
  A hornet (D:9)
  A hippogriff (D:8)
  A wyvern (D:8)
  Sigmund (D:5)
  2 hungry ghosts
  Eustachio (D:6)
  Edmund (D:6)
  Duvessa (D:7)
  An ice beast (D:9)
  2 sky beasts
  3 ogres
  2 elf zombies (Ossuary)
  A bullfrog (D:8)
  A gnoll sergeant (D:7)
  Dowan (D:7)
  5 scorpions
  3 wights (D:8)
  4 howler monkeys
  A crimson imp (D:5)
  3 centaur zombies
  2 bullfrog zombies
  A human zombie (Ossuary)
  A jelly (D:8)
  An orc priest (D:7)
  Crazy Yiuf (D:3)
  3 bullfrog skeletons
  Jessica (D:3)
  2 iguanas
  2 worker ants
  2 orc wizards (D:7)
  A big kobold zombie (Ossuary)
  2 hound zombies
  3 mummies (Ossuary)
  9 adders
  4 gnolls (D:7)
  8 oozes
  2 adder skeletons
  4 adder zombies (Ossuary)
  5 worms
  9 leopard geckos
  13 orcs
  2 ball pythons
  6 giant cockroaches
  2 gnoll zombies (Ossuary)
  3 goblins
  7 hobgoblins
  20 jackals
  3 quokkas
  A ball python skeleton (D:5)
  21 bats
  7 frilled lizards
  4 goblin zombies (Ossuary)
  4 hobgoblin zombies (Ossuary)
  A jackal skeleton (D:5)
  A jackal zombie (Ossuary)
  10 kobolds
  7 kobold zombies (Ossuary)
  2 leopard gecko skeletons
  An orc zombie (Ossuary)
  3 quokka zombies (Ossuary)
  8 rats
  A rat zombie (Ossuary)
228 creatures vanquished.

Vanquished Creatures (others)
  A plant (D:9)
  2 withered plants (D:5)
3 creatures vanquished.

Grand Total: 231 creatures vanquished

Notes
Turn   | Place    | Note
-------+----------+-------------------------------------------
     0 | D:1      | Peloso the Minotaur Fighter began the quest for the Orb.
     0 | D:1      | Reached XP level 1. HP: 19/19 MP: 0/0
    40 | D:1      | Reached XP level 2. HP: 23/27 MP: 1/1
   195 | D:1      | Reached XP level 3. HP: 32/33 MP: 2/2
   877 | D:2      | Reached XP level 4. HP: 40/40 MP: 3/3
  1172 | D:2      | Found a snail-covered altar of Cheibriados.
  1395 | D:3      | Found a runed door.
  1630 | D:3      | Noticed Jessica
  1640 | D:3      | Killed Jessica
  1640 | D:3      | Reached XP level 5. HP: 34/47 MP: 4/4
  1670 | D:3      | Found a hide-covered altar of Uskayaw.
  1982 | D:3      | Noticed Crazy Yiuf
  1987 | D:3      | Killed Crazy Yiuf
  1987 | D:3      | Reached skill level 5 in Armour
  2049 | D:4      | Reached skill level 5 in Shields
  2075 | D:4      | Found a sacrificial altar of Ru.
  2084 | D:4      | Reached skill level 1 in Dodging
  2328 | D:4      | Found a glowing drain.
  2332 | Sewer    | Entered a sewer
  2802 | Sewer    | Reached XP level 6. HP: 48/53 MP: 5/5
  3045 | D:4      | Found a deep blue altar of Sif Muna.
  3046 | D:4      | Found a hazy altar of Hepliaklqana.
  3081 | D:4      | Found an iron altar of Okawaru.
  3084 | D:4      | Found an opulent altar of Gozag.
  3087 | D:4      | Found a shimmering altar of Xom.
  3285 | D:5      | Entered Level 5 of the Dungeon
  3373 | D:5      | Noticed Sigmund
  3415 | D:5      | Killed Sigmund
  3415 | D:5      | Reached skill level 5 in Long Blades
  3465 | D:5      | Reached XP level 7. HP: 52/60 MP: 6/6
  3721 | D:4      | Became a worshipper of Warmaster Okawaru
  3907 | D:5      | Found a staircase to the Ecumenical Temple.
  4125 | D:5      | Found a runed door.
  4127 | D:5      | Noticed Kohma's ghost (novice GrFi)
  4579 | D:5      | Killed Kohma's ghost
  4579 | D:5      | Reached skill level 5 in Fighting
  4607 | D:6      | Found Celiw's Food Emporium.
  4920 | D:6      | Noticed Edmund
  4938 | D:6      | Killed Edmund
  4938 | D:6      | Reached XP level 8. HP: 45/68 MP: 7/7
  5022 | D:6      | Noticed Eustachio
  5044 | D:6      | Killed Eustachio
  5044 | D:6      | Reached * piety under Okawaru
  5282 | D:7      | Reached skill level 1 in Stealth
  5313 | D:7      | Found a sand-covered staircase.
  5320 | Ossuary  | Entered an ossuary
  5685 | D:7      | Found a transporter.
  5704 | D:7      | Noticed spacerossing's ghost (novice MfGl)
  5707 | D:7      | Found a transporter.
  5737 | D:7      | Reached ** piety under Okawaru
  5774 | D:7      | Found an ornate altar of the Wu Jian Council.
  6217 | D:7      | Noticed Duvessa
  6217 | D:7      | Noticed Dowan
  6226 | D:7      | Killed Duvessa
  6226 | D:7      | Reached XP level 9. HP: 59/75 MP: 8/8
  6229 | D:7      | Killed Dowan
  6276 | D:7      | Found a blossoming altar of Fedhas.
  6276 | D:7      | Found a white marble altar of Elyvilon.
  6277 | D:7      | Found a radiant altar of Vehumet.
  6687 | D:8      | Reached *** piety under Okawaru
  6986 | D:8      | Found Hoimomy's Assorted Antiques.
  7162 | D:9      | Reached skill level 10 in Shields
  7220 | D:9      | Found a staircase to the Lair.
  7236 | D:9      | Reached XP level 10. HP: 83/84 MP: 9/9
  7268 | D:9      | Reached skill level 10 in Long Blades
  7274 | D:9      | Noticed a manticore
  7285 | D:9      | Slain by a manticore

Skill      XL: |  1  2  3  4  5  6  7  8  9 10 |
---------------+-------------------------------+-----
Fighting       | 4 5 6 |  6.7
Shields        | 4 5 6 7 8 10 | 10.2
Long Blades    | 3 4 5 6 8 9 10 | 10.1
Armour         | 4 5 6 7 8 9 |  9.0
Dodging        | 1 2 3 |  3.3
Stealth        | 1 |  1.0
Invocations    | |  0.1

Action                   |  1- 3 |  4- 6 |  7- 9 | 10-12 || total
-------------------------+-------+-------+-------+-------++-------
Melee: Long sword        |    96 |   191 |   406 |    22 ||   715
       Headbutt          |    15 |    26 |   112 |     6 ||   159
Invok: Heroism           |       |       |     2 |     1 ||     3
  Use: Scroll            |       |     6 |     5 |       ||    11
       Potion            |       |     1 |     1 |     1 ||     3
  Eat: Chunk             |       |     9 |    13 |       ||    22
       Ration            |       |       |       |     1 ||     1
Armor: Scale mail        |    53 |       |       |       ||    53
       Chain mail        |       |    83 |   112 |     3 ||   198
       Skin              |       |     7 |       |       ||     7
Dodge: Dodged            |    41 |    92 |   143 |     8 ||   284
Block: Shield            |    80 |   122 |   239 |    18 ||   459
       Rpst.: Long sword |     8 |    20 |    39 |       ||    67
